[Event "ICC tourney 2532 (25 5)"]
[Site "Internet Chess Club"]
[Date "2021.04.24"]
[Round "2"]
[White "E KENNEDY, BENJAMIN:K12-14963224"]
[Black "SG NATHAN, NITISH:K12-15494283"]
[Result "0-1"]
[ICCResult "White resigns"]
[WhiteElo "1368"]
[BlackElo "1941"]
[Opening "QGD Slav: Slav gambit"]
[ECO "D15"]
[NIC "SL.03"]
[Time "13:11:24"]
[PlyCount "90"]
[TimeControl "1500+5"]

1. d4 d5 2. c4 c6 3. Nf3 Nf6 4. Nc3 dxc4 5. e4 b5 6. Bg5 b4 7. Na4 Nxe4 8.
Bxc4 Nxg5 9. Nxg5 e6 10. Qg4 h6 11. Nf3 Nd7 12. O-O Nf6 13. Qf4 Bd6 14. Qd2
O-O 15. b3 Bb7 16. Nb2 c5 17. dxc5 Bxc5 18. Qe2 Ne4 19. Na4 Nc3 20. Nxc3
bxc3 21. Rac1 Qf6 22. Ne5 Qg5 23. Nf3 Bxf3 24. Qxf3 Bd4 25. Qe4 e5 26. Bd3
f5 27. Qd5+ Kh8 28. h3 Rad8 29. Qc4 Rf6 30. Rce1 Rg6 31. g4 e4 32. Bxe4
fxe4 33. Rxe4 Qd5 34. Qe2 Rf6 35. Re8+ Rf8 36. Re4 Qc5 37. Kg2 c2 38. Qe1
Bb2 39. Rc4 Qd5+ 40. Kg1 c1=Q 41. Rxc1 Bxc1 42. Qxc1 Qf3 43. Kh2 Qf4+ 44.
Kg2 Qxc1 45. Rxc1 Rd2 { White resigns } 0-1

[Event "ICC tourney 2532 (25 5)"]
[Site "Internet Chess Club"]
[Date "2021.04.24"]
[Round "2"]
[White "M LANCMAN, KALEB:K12-15146036"]
[Black "LARA, SEBASTIAN:K12-17264378"]
[Result "1-0"]
[ICCResult "Black resigns"]
[WhiteElo "1839"]
[BlackElo "585"]
[Opening "Queen's pawn"]
[ECO "A40"]
[NIC "QO.17"]
[Time "13:12:42"]
[PlyCount "121"]
[TimeControl "1500+5"]

1. d4 e6 2. Bf4 b6 3. e3 Bb7 4. Nf3 Nf6 5. Nbd2 Be7 6. Bd3 O-O 7. h3 c5 8.
c3 cxd4 9. exd4 d6 10. Qe2 Nbd7 11. O-O Re8 12. Rfe1 Qc7 13. Rad1 Bf8 14.
Ne4 Nd5 15. Bh2 f5 16. Neg5 h6 17. Nxe6 Qc8 18. Bxf5 N5f6 19. Bg6 Bd5 20.
Bxe8 Qxe8 21. Nc7 Qxe2 22. Rxe2 Rc8 23. Nxd5 Nxd5 24. Rde1 N7f6 25. Re6 Rd8
26. Nd2 Nc7 27. R6e2 Nce8 28. Ne4 Nxe4 29. Rxe4 Nf6 30. Re6 Kf7 31. Bg3 d5
32. Bh4 g5 33. Bg3 Ne4 34. R1xe4 dxe4 35. Rxe4 Kf6 36. h4 Bd6 37. Bxd6 Rxd6
38. hxg5+ hxg5 39. Kf1 Rd5 40. Re5 Rd6 41. Ke2 a6 42. Kd3 b5 43. c4 b4 44.
c5 Rc6 45. Re2 a5 46. Kc4 Rc7 47. d5 g4 48. d6 Rd7 49. Re7 Rxe7 50. dxe7
Kxe7 51. Kb5 Kd7 52. Kxa5 Kc6 53. Kxb4 Kc7 54. a4 Kb7 55. Kb5 Kb8 56. Kb6
Kc8 57. c6 Kb8 58. c7+ Kc8 59. b4 Kd7 60. Kb7 Ke7 61. c8=Q { Black resigns
} 1-0

[Event "ICC tourney 2532 (25 5)"]
[Site "Internet Chess Club"]
[Date "2021.04.24"]
[Round "2"]
[White "BOULIS, CHRISTOS:K12-16494901"]
[Black "PRABHU, NAVEEN:K12-14949284"]
[Result "0-1"]
[ICCResult "White resigns"]
[WhiteElo "1506"]
[BlackElo "2037"]
[Opening "QGD: exchange, positional line, 5...c6"]
[ECO "D35"]
[NIC "QO.16"]
[Time "13:12:42"]
[PlyCount "80"]
[TimeControl "1500+5"]

1. d4 d5 2. c4 e6 3. Nc3 Nf6 4. cxd5 exd5 5. Bg5 c6 6. e3 Be7 7. Bd3 O-O 8.
Nge2 Nbd7 9. O-O Re8 10. f3 c5 11. Bb5 cxd4 12. exd4 a6 13. Ba4 b5 14. Bb3
Nb6 15. Nf4 Bb7 16. Re1 h6 17. Bxf6 Bxf6 18. Rxe8+ Qxe8 19. Ncxd5 Bxd5 20.
Nxd5 Nxd5 21. Bxd5 Rd8 22. Be4 Bxd4+ 23. Kf1 Bxb2 24. Qe1 Bxa1 25. Qxa1 Qd7
26. Kf2 Qd4+ 27. Qxd4 Rxd4 28. Ke3 Ra4 29. Bd5 Kf8 30. Bb3 Rb4 31. g3 a5
32. Kd3 Ke7 33. Kc3 Kd6 34. Bxf7 Rb1 35. f4 Rh1 36. Be8 b4+ 37. Kc4 Rxh2
38. Kb5 Rxa2 39. Bf7 Ra3 40. Bc4 b3 { White resigns } 0-1

[Event "ICC tourney 2532 (25 5)"]
[Site "Internet Chess Club"]
[Date "2021.04.24"]
[Round "2"]
[White "TEITELMAN, JACOB:K12-15145191"]
[Black "SHAH, MAHAVIR:K12-14742490"]
[Result "1-0"]
[ICCResult "Black checkmated"]
[WhiteElo "1689"]
[BlackElo "677"]
[Opening "QGD: 3.Nc3"]
[ECO "D31"]
[NIC "QP.08"]
[Time "13:11:57"]
[PlyCount "85"]
[TimeControl "1500+5"]

1. d4 d5 2. c4 e6 3. Nc3 Nc6 4. Nf3 Nf6 5. Bf4 Bd6 6. Bxd6 Qxd6 7. e3 Qb4
8. Qc2 b6 9. Be2 O-O 10. O-O h6 11. a3 Qe7 12. cxd5 exd5 13. Nxd5 Nxd5 14.
Qxc6 Be6 15. Rac1 Rac8 16. Qc2 a5 17. Rfd1 b5 18. Bxb5 Rb8 19. Be2 Nxe3 20.
fxe3 Bb3 21. Qd2 Bxd1 22. Bxd1 Rfc8 23. Ne5 Qd6 24. Nc6 Rb6 25. Nxa5 Qe6
26. Nc4 Rc6 27. Bb3 Qe4 28. Bc2 Qd5 29. Ne5 Rb6 30. Bd3 f6 31. Bc4 Qxc4 32.
Nxc4 Re6 33. d5 Ree8 34. d6 Red8 35. d7 Ra8 36. Rd1 Ra4 37. b3 Ra7 38. Qd5+
Kf8 39. Na5 Ke7 40. Nc6+ Kf8 41. Nxd8 Ke7 42. Qf7+ Kxd8 43. Qe8# { Black
checkmated } 1-0

[Event "ICC tourney 2532 (25 5)"]
[Site "Internet Chess Club"]
[Date "2021.04.24"]
[Round "2"]
[White "BENDRE, SOHAN ANUP:K12-14940058"]
[Black "SARTORIO, WILLIAM:K12-14715380"]
[Result "0-1"]
[ICCResult "White resigns"]
[WhiteElo "1525"]
[BlackElo "2063"]
[Opening "Sicilian: Kan, 5.Nc3"]
[ECO "B43"]
[NIC "SI.41"]
[Time "13:11:12"]
[PlyCount "86"]
[TimeControl "1500+5"]

1. e4 c5 2. Nf3 e6 3. d4 cxd4 4. Nxd4 a6 5. Nc3 Qc7 6. a3 Nc6 7. Be3 Nf6 8.
Be2 Be7 9. Qd2 b5 10. O-O Bb7 11. f3 O-O 12. Rad1 Rfd8 13. Rfe1 d5 14. exd5
Nxd5 15. Nxd5 Rxd5 16. Qc1 Nxd4 17. Rxd4 Bc5 18. Rxd5 Bxd5 19. Bd3 Rc8 20.
Bxc5 Qxc5+ 21. Qe3 g6 22. Qxc5 Rxc5 23. c3 Kf8 24. Kf2 Ke7 25. Ke3 Kd6 26.
Kd4 Bc4 27. Bxc4 Rxc4+ 28. Kd3 e5 29. Re4 Rxe4 30. fxe4 f5 31. g3 a5 32. b4
axb4 33. axb4 f4 34. gxf4 exf4 35. Kd4 g5 36. c4 bxc4 37. Kxc4 g4 38. Kd3
h5 39. Ke2 h4 40. Kf2 h3 41. Ke2 g3 42. hxg3 h2 43. gxf4 h1=Q { White
resigns } 0-1

[Event "ICC tourney 2532 (25 5)"]
[Site "Internet Chess Club"]
[Date "2021.04.24"]
[Round "2"]
[White "DRUCKER, JACK:K12-16096906"]
[Black "ROGERS, CAM:K12-16639568"]
[Result "1-0"]
[ICCResult "Black checkmated"]
[WhiteElo "1184"]
[BlackElo "463"]
[Opening "Queen's pawn, Mason variation"]
[ECO "D00"]
[NIC "QP.08"]
[Time "13:12:01"]
[PlyCount "87"]
[TimeControl "1500+5"]

1. d4 d5 2. Bf4 Nc6 3. Nf3 Bf5 4. e3 Nf6 5. a3 e6 6. c4 Be7 7. Nc3 O-O 8.
Be2 h6 9. O-O Ne4 10. Nxe4 Bxe4 11. Nd2 Bf5 12. c5 f6 13. Bg4 g5 14. Bg3 b6
15. Bxf5 exf5 16. b4 a5 17. Rb1 axb4 18. axb4 b5 19. Qc2 Qd7 20. Qc3 Rab8
21. f4 Rfe8 22. Qd3 Bf8 23. fxg5 fxg5 24. Rxf5 Bg7 25. Rb3 Rf8 26. Rxf8+
Rxf8 27. Qxb5 Qg4 28. Nf3 Nxd4 29. exd4 Bxd4+ 30. Kh1 Rxf3 31. Rxf3 Qe4 32.
Qd3 Qxd3 33. Rxd3 Ba1 34. Rxd5 c6 35. Rd8+ Kf7 36. Rc8 Kf6 37. Rxc6+ Kf5
38. Rxh6 Be5 39. Bxe5 Kxe5 40. c6 Kd4 41. c7 Kc4 42. c8=Q+ Kxb4 43. Rb6+
Ka5 44. Qa6# { Black checkmated } 1-0

[Event "ICC tourney 2532 (25 5)"]
[Site "Internet Chess Club"]
[Date "2021.04.24"]
[Round "2"]
[White "JOSHI, RAJAS:K12-16991627"]
[Black "HUA, CHARLES:K12-14763433"]
[Result "1-0"]
[ICCResult "Black resigns"]
[WhiteElo "749"]
[BlackElo "2108"]
[Opening "Sicilian: Alapin's variation (2.c3)"]
[ECO "B22"]
[NIC "SI.46"]
[Time "13:12:22"]
[PlyCount "77"]
[TimeControl "1500+5"]

1. e4 c5 2. c3 Nf6 3. d3 d6 4. Nf3 g6 5. d4 cxd4 6. cxd4 Nxe4 7. d5 Nf6 8.
Nc3 Bg7 9. Bg5 O-O 10. Bc4 a6 11. a4 Qc7 12. b3 Qa5 13. Bd2 Bf5 14. O-O
Nbd7 15. Re1 Rfe8 16. Rc1 Rac8 17. Nh4 Ne5 18. Ne4 Qd8 19. Nxf6+ Bxf6 20.
Nxf5 gxf5 21. Be2 Kh8 22. Rxc8 Qxc8 23. b4 Rg8 24. Qb3 Qf8 25. Rc1 Qe8 26.
b5 axb5 27. axb5 e6 28. b6 Bd8 29. Bc3 f6 30. Bxe5 fxe5 31. dxe6 Qe7 32.
Rd1 Qg7 33. Bf1 Be7 34. Qd5 Bf8 35. Rc1 Qg4 36. Rc7 Qh5 37. e7 Bxe7 38.
Rxe7 e4 39. Qd4+ { Black resigns } 1-0

[Event "ICC tourney 2532 (25 5)"]
[Site "Internet Chess Club"]
[Date "2021.04.24"]
[Round "2"]
[White "DENG, GRACE:K12-16640696"]
[Black "D DE LEON, CARLOS:K12-14987180"]
[Result "0-1"]
[ICCResult "White checkmated"]
[WhiteElo "1438"]
[BlackElo "1995"]
[Opening "Ruy Lopez: 5.O-O"]
[ECO "C78"]
[NIC "RL.12"]
[Time "13:11:11"]
[PlyCount "48"]
[TimeControl "1500+5"]

1. e4 e5 2. Nf3 Nc6 3. Bb5 a6 4. Ba4 Nf6 5. O-O b5 6. Bb3 Bc5 7. d3 d6 8.
c3 Bb6 9. Bg5 h6 10. Bh4 O-O 11. h3 g5 12. Nxg5 hxg5 13. Bxg5 Kg7 14. Qf3
Rh8 15. Qg3 Ne7 16. Bxf6+ Kxf6 17. Qf3+ Kg7 18. Qxf7+ Kh6 19. Qf3 Ng6 20.
Nd2 Qg5 21. Rad1 Nh4 22. Bd5 Rb8 23. Qg3 Qxg3 24. Kh1 Qxg2# { White
checkmated } 0-1

[Event "ICC tourney 2532 (25 5)"]
[Site "Internet Chess Club"]
[Date "2021.04.24"]
[Round "2"]
[White "MADDEN LANE, LUCA:K12-15596114"]
[Black "RAJARAM, ROHAN:K12-15739716"]
[Result "0-1"]
[ICCResult "White checkmated"]
[WhiteElo "1339"]
[BlackElo "1905"]
[Opening "Queen's pawn game, Darooha variation "]
[ECO "D02"]
[NIC "QP.06"]
[Time "13:12:42"]
[PlyCount "88"]
[TimeControl "1500+5"]

1. d4 Nf6 2. Nf3 d5 3. g3 Bf5 4. Bg2 e6 5. O-O Be7 6. b3 O-O 7. Bb2 Nbd7 8.
c4 c6 9. Nc3 Rc8 10. Rc1 Ne4 11. Nxe4 Bxe4 12. Ne5 Nf6 13. Bxe4 Nxe4 14.
Qc2 f6 15. Nf3 f5 16. Nd2 Qe8 17. Qd3 Qg6 18. Nf3 f4 19. Ne5 Qh6 20. f3
fxg3 21. hxg3 Nxg3 22. Kg2 Nf5 23. Rh1 Ne3+ 24. Kf2 Bh4+ 25. Rxh4 Qxh4+ 26.
Kxe3 c5 27. Qb1 Qf4+ 28. Kf2 cxd4 29. Ng4 Qxg4 30. Rh1 Qg6 31. Qxg6 hxg6
32. Bxd4 dxc4 33. Rg1 Kf7 34. bxc4 Rxc4 35. Bxa7 Ra8 36. Be3 Rxa2 37. Rb1
Rcc2 38. Rxb7+ Kf6 39. Bd4+ e5 40. Rb6+ Kf5 41. Be3 Rxe2+ 42. Kg3 Rg2+ 43.
Kh3 Rh2+ 44. Kg3 Rag2# { White checkmated } 0-1

[Event "ICC tourney 2532 (25 5)"]
[Site "Internet Chess Club"]
[Date "2021.04.24"]
[Round "2"]
[White "TRAN, JACEY:K12-15174202"]
[Black "ADEWUMI, TANITOLUWA:K12-16649696"]
[Result "0-1"]
[ICCResult "White forfeits on time"]
[WhiteElo "1538"]
[BlackElo "2108"]
[Opening "King's Indian: Smyslov system"]
[ECO "E60"]
[NIC "KI.80"]
[Time "13:12:02"]
[PlyCount "90"]
[TimeControl "1500+5"]

1. d4 Nf6 2. c4 g6 3. Nf3 Bg7 4. Bg5 d6 5. Nc3 h6 6. Bh4 Bg4 7. e3 O-O 8.
Be2 Nc6 9. h3 Bf5 10. O-O e5 11. dxe5 dxe5 12. e4 Be6 13. Nd5 g5 14. Nxf6+
Bxf6 15. Bg3 Qe7 16. Qb3 a6 17. Qc3 Qc5 18. Rfe1 Rfd8 19. a3 Nd4 20. Nxd4
exd4 21. Qd3 a5 22. Rac1 a4 23. Bh5 Be5 24. Bxe5 Qxe5 25. Qf3 c5 26. Red1
Ra6 27. g3 Rb6 28. Rc2 Rb3 29. Rd3 b5 30. Rxb3 axb3 31. Qxb3 Bxc4 32. Qf3
Be6 33. Rd2 Kg7 34. Kg2 f6 35. Bg4 Bf7 36. Qf5 Qxf5 37. Bxf5 c4 38. Kf3 Kf8
39. h4 Ke7 40. Bh3 Kd6 41. Bf1 Ke5 42. hxg5 hxg5 43. Bg2 Bh5+ 44. g4 Bg6
45. Re2 d3 { White forfeits on time } 0-1

[Event "ICC tourney 2532 (25 5)"]
[Site "Internet Chess Club"]
[Date "2021.04.24"]
[Round "2"]
[White "DHAR, SUMIT:K12-15188271"]
[Black "BHALOO, ADAM:K12-15234397"]
[Result "1-0"]
[ICCResult "Black resigns"]
[WhiteElo "2167"]
[BlackElo "899"]
[Opening "QGD Slav defense"]
[ECO "D10"]
[NIC "SL.01"]
[Time "13:12:42"]
[PlyCount "104"]
[TimeControl "1500+5"]

1. d4 d5 2. c4 c6 3. Nc3 Bf5 4. cxd5 cxd5 5. Qb3 Qc7 6. Nxd5 Qd7 7. Bf4 e5
8. Bxe5 Be6 9. e4 Nc6 10. Bb5 a6 11. Bxc6 bxc6 12. Nc7+ Qxc7 13. Qxe6+ fxe6
14. Bxc7 Bb4+ 15. Ke2 Nf6 16. f3 Rc8 17. Be5 c5 18. Rc1 c4 19. Nh3 O-O 20.
Rc2 Rfd8 21. Rhc1 Nd7 22. Bf4 Nb6 23. Be3 Bd6 24. g3 a5 25. d5 Bc5 26. Bxc5
Rxc5 27. dxe6 Rh5 28. Nf4 Rxh2+ 29. Ke3 Rxc2 30. Rxc2 Re8 31. Kd4 g5 32.
Nd5 Rxe6 33. Nxb6 Rxb6 34. Kxc4 Kg7 35. b3 Kg6 36. Kd4 Rb4+ 37. Rc4 Rb6 38.
Rc5 Ra6 39. g4 h6 40. e5 a4 41. b4 Kf7 42. Ra5 Re6 43. Rxa4 Re8 44. b5 Rd8+
45. Ke4 Ke6 46. Ra6+ Ke7 47. b6 Rd2 48. Ra3 Rb2 49. Rb3 Rxa2 50. b7 Ra4+
51. Ke3 Rc4 52. b8=Q Rc6 { Black resigns } 1-0

[Event "ICC tourney 2532 (25 5)"]
[Site "Internet Chess Club"]
[Date "2021.04.24"]
[Round "2"]
[White "GUO, ARTHUR:K12-14772092"]
[Black "S BHARGAVA, YASH:K12-16100156"]
[Result "1-0"]
[ICCResult "Black checkmated"]
[WhiteElo "2447"]
[BlackElo "1772"]
[Opening "Ruy Lopez: Cozio defense"]
[ECO "C60"]
[NIC "RL.04"]
[Time "13:11:18"]
[PlyCount "87"]
[TimeControl "1500+5"]

1. e4 e5 2. Nf3 Nc6 3. Bb5 Nge7 4. c3 g6 5. d4 exd4 6. cxd4 a6 7. Ba4 Bg7
8. O-O O-O 9. Nc3 h6 10. d5 Na5 11. d6 Nec6 12. Bf4 cxd6 13. Bxd6 Re8 14.
Nd5 Rxe4 15. Bc7 Qf8 16. Bxa5 Nxa5 17. Nb6 Ra7 18. Qd5 Qb4 19. Nxc8 Ra8 20.
Bxd7 Rxc8 21. Bxc8 Re8 22. Bd7 Rd8 23. Rae1 Nc6 24. Re8+ Rxe8 25. Bxe8 Qb6
26. Qxf7+ Kh8 27. Qxg6 Qxb2 28. Bd7 Qf6 29. Qxf6 Bxf6 30. Bxc6 bxc6 31. Rc1
c5 32. Rxc5 Kg7 33. Ra5 Bb2 34. Rxa6 Bc3 35. a4 Bb2 36. a5 Bc3 37. Ra8 Bb4
38. a6 Bc5 39. Rc8 Bb6 40. Rc6 Bd8 41. a7 Bf6 42. a8=Q Bb2 43. Qb7+ Kf8 44.
Rc8# { Black checkmated } 1-0

[Event "ICC tourney 2532 (25 5)"]
[Site "Internet Chess Club"]
[Date "2021.04.24"]
[Round "2"]
[White "H WILLIAMS, JOSHUA:K12-14759594"]
[Black "QIAN, BILL:K12-15206304"]
[Result "0-1"]
[ICCResult "White checkmated"]
[WhiteElo "1217"]
[BlackElo "1848"]
[Opening "Sicilian: Najdorf, Byrne (English) attack"]
[ECO "B90"]
[NIC "SI.14"]
[Time "13:11:58"]
[PlyCount "56"]
[TimeControl "1500+5"]

1. e4 c5 2. Nf3 d6 3. d4 cxd4 4. Nxd4 Nf6 5. Nc3 a6 6. Be3 g6 7. Qd2 Bg7 8.
f3 O-O 9. O-O-O Nc6 10. Nxc6 bxc6 11. e5 Nd5 12. Nxd5 cxd5 13. Qxd5 Be6 14.
Qd3 Bxe5 15. Bd4 Bf4+ 16. Kb1 Qa5 17. b3 Rfc8 18. Qe4 Bf5 19. Qe1 Bxc2+ 20.
Ka1 Qc7 21. Bc4 Bxd1 22. Qxd1 a5 23. g3 Bh6 24. f4 a4 25. Bb2 axb3 26. Bxb3
Bg7 27. Qd5 Qc1+ 28. Rxc1 Rxc1# { White checkmated } 0-1

[Event "ICC tourney 2532 (25 5)"]
[Site "Internet Chess Club"]
[Date "2021.04.24"]
[Round "2"]
[White "BANSAL, ADVAY:K12-16068511"]
[Black "NATHAN, KAPIL:K12-15120535"]
[Result "0-1"]
[ICCResult "White checkmated"]
[WhiteElo "1974"]
[BlackElo "1394"]
[Opening "French: Steinitz variation"]
[ECO "C11"]
[NIC "FR.04"]
[Time "13:11:32"]
[PlyCount "106"]
[TimeControl "1500+5"]

1. e4 e6 2. d4 d5 3. Nc3 Nf6 4. e5 Nfd7 5. f4 c5 6. Nf3 cxd4 7. Nxd4 Nc6 8.
Be3 Be7 9. Be2 O-O 10. O-O Bc5 11. Qd2 Qb6 12. Na4 Qb4 13. Qxb4 Bxb4 14. c3
Nxd4 15. Bxd4 Be7 16. g4 b6 17. Rf2 Rb8 18. b4 Bb7 19. Raf1 Bc6 20. Nb2 Nc5
21. Bf3 Ne4 22. Bxe4 dxe4 23. a4 Rfd8 24. b5 Bd5 25. f5 Rbc8 26. f6 gxf6
27. h4 fxe5 28. Rxf7 exd4 29. Rxe7 Rf8 30. Rxf8+ Rxf8 31. cxd4 e3 32. Rc7
Rf3 33. Rc1 Rg3+ 34. Kh2 Rg2+ 35. Kh3 Rxb2 36. Rc8+ Kg7 37. Rc7+ Kg6 38.
Kg3 Rg2+ 39. Kf4 e2 40. Rc1 Rf2+ 41. Ke3 Rf1 42. Kd2 Rxc1 43. Kxc1 e1=Q+
44. Kb2 Qb4+ 45. Kc2 Qxa4+ 46. Kd2 Qxd4+ 47. Ke2 Qxg4+ 48. Kd2 Qxh4 49. Kc1
Qf2 50. Kb1 Qe1+ 51. Kb2 Qd2+ 52. Kb1 Bb3 53. Ka1 Qa2# { White checkmated }
0-1

[Event "ICC tourney 2532 (25 5)"]
[Site "Internet Chess Club"]
[Date "2021.04.24"]
[Round "2"]
[White "GRABINSKY, JOSHUA:K12-14729181"]
[Black "BHOWMIK, AKASH:K12-14722632"]
[Result "1-0"]
[ICCResult "Black checkmated"]
[WhiteElo "2315"]
[BlackElo "1736"]
[Opening "Nimzovich-Larsen attack: modern variation"]
[ECO "A01"]
[NIC "VO.08"]
[Time "13:12:22"]
[PlyCount "93"]
[TimeControl "1500+5"]

1. b3 e5 2. Bb2 Nc6 3. e3 d5 4. Nf3 Bg4 5. Be2 Bxf3 6. Bxf3 Nf6 7. O-O Bd6
8. c4 dxc4 9. bxc4 e4 10. Be2 Ne5 11. c5 Nf3+ 12. gxf3 Bxc5 13. fxe4 c6 14.
d4 Bb6 15. Nc3 h5 16. e5 Ng8 17. Ne4 Bc7 18. Bc4 Qh4 19. Qf3 Nh6 20. Ba3
O-O-O 21. Nd6+ Bxd6 22. Bxd6 g5 23. Ba6 Qg4+ 24. Qxg4+ hxg4 25. Bd3 f5 26.
Rfc1 f4 27. Bc4 Kd7 28. Rab1 b6 29. d5 cxd5 30. Bb5+ Ke6 31. Rc7 Nf5 32.
Ba3 g3 33. Rc6+ Kxe5 34. Bb2+ d4 35. exd4+ Nxd4 36. Re1+ Kf5 37. Bd3+ Kg4
38. h3+ Rxh3 39. Bxd4 Rxd4 40. f3+ Kxf3 41. Be2+ Ke3 42. Bg4+ Kd2 43. Rd1+
Ke3 44. Rxd4 Rh2 45. Rd5 f3 46. Re6+ Kf4 47. Rd4# { Black checkmated } 1-0

[Event "ICC tourney 2532 (25 5)"]
[Site "Internet Chess Club"]
[Date "2021.04.24"]
[Round "2"]
[White "D BLOCK, JONAH:K12-15976216"]
[Black "STORM GALE, LIAM:K12-16845608"]
[Result "0-1"]
[ICCResult "White checkmated"]
[WhiteElo "436"]
[BlackElo "1146"]
[Opening "Sicilian"]
[ECO "B50"]
[NIC "SI.01"]
[Time "13:12:22"]
[PlyCount "66"]
[TimeControl "1500+5"]

1. e4 c5 2. Nf3 d6 3. Bc4 e6 4. d4 cxd4 5. Qxd4 Nc6 6. Qd1 Be7 7. b3 Nf6 8.
Bb2 O-O 9. Nc3 a6 10. O-O Qc7 11. Bd3 b5 12. Ng5 h6 13. Nf3 Bb7 14. Re1
Rfd8 15. a4 b4 16. Ne2 Rac8 17. Ng3 Nd7 18. Nd4 Bf6 19. Nxc6 Qxc6 20. Bxf6
Nxf6 21. Nh5 Ne8 22. Re3 g6 23. Rg3 e5 24. Qf3 d5 25. exd5 Qxd5 26. Bc4
Qxf3 27. gxf3 Kf8 28. Re1 gxh5 29. Rxe5 Nd6 30. Rxh5 Nxc4 31. bxc4 Rxc4 32.
Rxh6 Rxc2 33. f4 Rc1# { White checkmated } 0-1

[Event "ICC tourney 2532 (25 5)"]
[Site "Internet Chess Club"]
[Date "2021.04.24"]
[Round "2"]
[White "JAIN, PRISHA:K12-15089392"]
[Black "LADAN, NICHOLAS:K12-15092641"]
[Result "0-1"]
[ICCResult "White checkmated"]
[WhiteElo "1520"]
[BlackElo "2083"]
[Opening "Scotch game"]
[ECO "C45"]
[NIC "SO.05"]
[Time "13:12:37"]
[PlyCount "88"]
[TimeControl "1500+5"]

1. e4 e5 2. Nf3 Nc6 3. d4 exd4 4. Nxd4 Bc5 5. Be3 Qf6 6. c3 Nge7 7. Bc4 d6
8. O-O O-O 9. Bb3 Rd8 10. Ba4 Bd7 11. Bb3 Ne5 12. Qc1 h6 13. Nd2 Be8 14.
N2f3 a5 15. Nxe5 dxe5 16. Nf3 Bxe3 17. fxe3 a4 18. Bc2 Qe6 19. b3 Rd6 20.
bxa4 Bxa4 21. Bxa4 Rxa4 22. Qc2 Rda6 23. Rf2 Nc6 24. Qb2 b6 25. Qb5 Qc4 26.
Qxc4 Rxc4 27. Raf1 Rxc3 28. Ne1 f6 29. h4 Rxe3 30. g4 Rxe4 31. g5 hxg5 32.
hxg5 Rg4+ 33. Rg2 Rxg2+ 34. Nxg2 fxg5 35. Rc1 Nd4 36. Rxc7 Rxa2 37. Rc8+
Kh7 38. Rb8 b5 39. Re8 g4 40. Nh4 g5 41. Re7+ Kh6 42. Ng2 g3 43. Ne3 Nf3+
44. Kf1 Rf2# { White checkmated } 0-1

[Event "ICC tourney 2532 (25 5)"]
[Site "Internet Chess Club"]
[Date "2021.04.24"]
[Round "2"]
[White "FRANCO PRASANNA, GRACY:K12-15472188"]
[Black "MENG, MICHAEL:K12-15693368"]
[Result "1-0"]
[ICCResult "Black checkmated"]
[WhiteElo "2117"]
[BlackElo "728"]
[Opening "Scandinavian (center counter) defense"]
[ECO "B01"]
[NIC "SD.01"]
[Time "13:11:35"]
[PlyCount "115"]
[TimeControl "1500+5"]

1. e4 d5 2. exd5 Qxd5 3. Nc3 Qa5 4. Nf3 Bf5 5. d4 e6 6. Bd2 c6 7. Bc4 Bd6
8. Nb5 Qd8 9. Nxd6+ Qxd6 10. O-O Nf6 11. a3 Nbd7 12. Bb4 Qc7 13. Qe2 a5 14.
Bd2 O-O 15. Ne5 b5 16. Bb3 a4 17. Ba2 Bxc2 18. Bf4 Bb3 19. Bxb3 axb3 20.
Ng6 Qb6 21. Nxf8 Nxf8 22. Be3 Nd5 23. Rac1 Ra4 24. Rfd1 Ng6 25. Rc5 b4 26.
axb4 Rxb4 27. g3 Ra4 28. Rdc1 Nge7 29. Qd2 h6 30. Kg2 Qa6 31. Qd1 Nf5 32.
Qd2 Nb4 33. R1c3 Nd5 34. Rxb3 Nfxe3+ 35. fxe3 Ra1 36. Rc1 Rxc1 37. Qxc1
Qe2+ 38. Kg1 f5 39. Qf1 Qd2 40. Qc4 Nxe3 41. Qxe6+ Kh7 42. Qxe3 Qd1+ 43.
Kf2 Qc2+ 44. Kf3 Qd1+ 45. Kf4 Qf1+ 46. Ke5 Qd1 47. Kd6 Qh5 48. Rc3 Qxh2 49.
Qf4 Qh5 50. Rxc6 Qf7 51. Ke5 Qe8+ 52. Re6 Qb8+ 53. Kxf5 Qf8+ 54. Ke4 Qa8+
55. Ke3 Qa5 56. Qe4+ Kg8 57. Re8+ Kf7 58. Qe6# { Black checkmated } 1-0

[Event "ICC tourney 2532 (25 5)"]
[Site "Internet Chess Club"]
[Date "2021.04.24"]
[Round "2"]
[White "B LANCMAN, KYLE:K12-15146021"]
[Black "RAJAMANIKANDAN, SATHA:K12-15310314"]
[Result "1-0"]
[ICCResult "Black checkmated"]
[WhiteElo "2049"]
[BlackElo "1496"]
[Opening "Sicilian: Prins (Moscow) variation"]
[ECO "B55"]
[NIC "SI.01"]
[Time "13:12:00"]
[PlyCount "99"]
[TimeControl "1500+5"]

1. e4 c5 2. Nf3 d6 3. d4 cxd4 4. Nxd4 Nf6 5. f3 g6 6. c4 Bg7 7. Nc3 O-O 8.
Be3 Nc6 9. Be2 Be6 10. O-O Rc8 11. b3 Nxd4 12. Bxd4 a6 13. Qd2 Bd7 14. Rfd1
Bc6 15. Rac1 h5 16. Kh1 e5 17. Be3 Ne8 18. Bg5 f6 19. Bh6 Qe7 20. Bxg7 Kxg7
21. Nd5 Bxd5 22. cxd5 Nc7 23. Qb4 b5 24. Rc6 Rfd8 25. Rdc1 Rd7 26. Qa5 f5
27. a4 bxa4 28. bxa4 f4 29. Bxa6 Ra8 30. Rxc7 Rxa6 31. Rxd7 Qxd7 32. Qxa6
Kf6 33. Qb5 Qa7 34. a5 Qe3 35. Qc6 Kg5 36. a6 h4 37. Qc3 Qf2 38. Qe1 Qa7
39. Ra1 Kh5 40. Qg1 Qa8 41. a7 g5 42. Qb6 g4 43. Qb8 Qxd5 44. exd5 gxf3 45.
a8=Q fxg2+ 46. Kg1 f3 47. Qh8+ Kg4 48. Ra4+ Kf5 49. Qaf8+ Kg6 50. Qhh6# {
Black checkmated } 1-0

[Event "ICC tourney 2532 (25 5)"]
[Site "Internet Chess Club"]
[Date "2021.04.24"]
[Round "2"]
[White "KYLER GRAY, JONATHAN:K12-17137908"]
[Black "MILLER COY, MATTHEW:K12-14688435"]
[Result "0-1"]
[ICCResult "White resigns"]
[WhiteElo "1386"]
[BlackElo "1954"]
[Opening "Sicilian: Alapin's variation (2.c3)"]
[ECO "B22"]
[NIC "SI.47"]
[Time "13:12:02"]
[PlyCount "76"]
[TimeControl "1500+5"]

1. e4 c5 2. c3 Nf6 3. e5 Nd5 4. d4 cxd4 5. Nf3 e6 6. cxd4 d6 7. Be2 Nc6 8.
O-O Be7 9. Qb3 O-O 10. Nc3 Nxc3 11. Qxc3 dxe5 12. dxe5 Qc7 13. Rd1 Bd7 14.
Bf4 Rac8 15. Rac1 Rfd8 16. Qe3 Qa5 17. Bd3 Nb4 18. Bb1 Nd5 19. Qe4 g6 20.
Bg5 Rxc1 21. Rxc1 Bc6 22. Qh4 Bxg5 23. Nxg5 h5 24. Nxe6 fxe6 25. Bxg6 Rd7
26. Qxh5 Nf4 27. Qg4 Qxe5 28. Kh1 Bxg2+ 29. Kg1 Ne2+ 30. Kxg2 Nxc1 31. Kh3
Ne2 32. Bf5+ Rg7 33. Bxe6+ Kh8 34. Qf5 Nf4+ 35. Kh4 Ng2+ 36. Kh3 Qxe6 37.
Qxe6 Nf4+ 38. Kh4 Nxe6 { White resigns } 0-1

[Event "ICC tourney 2532 (25 5)"]
[Site "Internet Chess Club"]
[Date "2021.04.24"]
[Round "2"]
[White "BENJAMIN JONES, JACOB:K12-16585267"]
[Black "SHAHIR, PRATYUSH:K12-15111678"]
[Result "1-0"]
[ICCResult "Black checkmated"]
[WhiteElo "1891"]
[BlackElo "1295"]
[Opening "Sicilian: Najdorf, 7...Qb6"]
[ECO "B97"]
[NIC "SI.08"]
[Time "13:12:21"]
[PlyCount "117"]
[TimeControl "1500+5"]

1. e4 c5 2. Nf3 d6 3. d4 cxd4 4. Nxd4 Nf6 5. Nc3 a6 6. Bg5 e6 7. f4 Qb6 8.
a3 Be7 9. Qd2 Qxb2 10. Nb3 b5 11. Ra2 Nxe4 12. Rxb2 Nxd2 13. Bxe7 Nxb3 14.
Bxd6 Nd4 15. a4 bxa4 16. Rxb8 Rxb8 17. Bxb8 Nxc2+ 18. Kd2 Nb4 19. Nxa4 O-O
20. Ke2 Rd8 21. Ba7 Bb7 22. Be3 Nd5 23. Nc5 Nc3+ 24. Kf2 Nd1+ 25. Kg3 Nxe3
26. Nxb7 Nxf1+ 27. Rxf1 Rd3+ 28. Rf3 Rxf3+ 29. Kxf3 Kf8 30. Ke4 Ke7 31. Kd4
f6 32. g4 g6 33. g5 fxg5 34. fxg5 Kf7 35. Ke5 Ke7 36. h3 Kf7 37. Nd8+ Ke7
38. Nxe6 a5 39. Nc5 Kf7 40. Kd6 Kg7 41. Ke7 Kg8 42. Kf6 Kf8 43. Nd7+ Kg8
44. Nb6 Kf8 45. Ke5 Kg7 46. Kd5 h6 47. h4 hxg5 48. hxg5 Kf7 49. Kd6 Kg7 50.
Ke7 Kg8 51. Kf6 Kh7 52. Kf7 Kh8 53. Kxg6 Kg8 54. Kf6 Kf8 55. g6 Kg8 56. g7
Kh7 57. Kf7 a4 58. g8=Q+ Kh6 59. Qg6# { Black checkmated } 1-0